AoeStats
← aren12100

Arena

509965371Analyzed
1v1 RM · 4d ago on Sep 28, 2026· 68m 32s· 2 players
Game mode
Random Map
Map size
Tiny (2 player)
Population
200
Speed
Normal
Resources
Standard
Victory
Conquest
Starting age
Dark Age
Ending age
Imperial Age
RankedLock teamsTeams togetherTeam positionsShared explorationLock speedFull tech treeHidden civsTurbo modeCheats
Victory
Defeat
🇯🇵 Spanish · Japan
444
+16
🇫🇷 Britons · France
448
-16
aren12100
9:14 Loom
12:58 Feudal Age
13:52 Double-Bit Axe
14:26 Horse Collar
15:17 Stone Mining
16:18 Gold Mining
20:41 Castle Age
19:25 Scale Barding Armor
20:04 Fletching
20:30 Bloodlines
21:09 Forging
27:03 Wheelbarrow
26:41 Bow Saw
26:41 Heavy Plow
30:35 Hand Cart
32:14 Husbandry
34:19 Iron Casting
34:05 Chain Barding Armor
33:41 Bodkin Arrow
34:09 Ballistics
34:00 Masonry
33:47 Murder Holes
37:49 Imperial Age
37:51 Cavalier
39:35 Blast Furnace
39:11 Plate Barding Armor
38:37 Bracer
43:48 Paladin
45:45 Conscription
50:07 Scale Mail Armor
50:15 Man-at-Arms
50:43 Arson
50:59 Squires
50:45 Gambesons
51:19 Long Swordsman
52:21 Chain Mail Armor
54:01 Plate Mail Armor
53:00 Two-Handed Swordsman
53:53 Champion
chgars1
11:47 Feudal Age
14:51 Double-Bit Axe
17:46 Horse Collar
21:32 Castle Age
22:09 Elite Skirmisher
23:28 Light Cavalry
25:51 Bow Saw
25:44 Heavy Plow
26:49 Padded Archer Armor
26:41 Fletching
29:47 Wheelbarrow
33:15 Hand Cart
35:34 Imperial Age
33:20 Hand Cart
33:46 Gambesons
33:22 Man-at-Arms
34:35 Yeomen
35:52 Long Swordsman
37:05 Bodkin Arrow
37:22 Forging
38:17 Chemistry
38:01 Two-Handed Swordsman
39:31 Pikeman
40:11 Squires
40:54 Murder Holes
41:42 Halberdier
48:50 Two-Man Saw
49:55 Cavalier
50:36 Husbandry
53:46 Elite Longbowman
Connection lost

Rejoining the realm…

Still unreachable

The connection could not be restored.

Session expired

The server has moved on; the page needs a fresh start.